Workbook

Sheet Account Statement
B2: ACCOUNT STATEMENT
B3: Free template · stokexcel.com — enter transactions in the "Data" tab and this sheet fills in the statement automatically.
B5: Statement Date | C5: =TODAY() | E5: Period | F5: 01.07.2026 - 31.08.2026
B6: Account Code | C6: CR-001 | E6: Page | F6: 1 / 1
B8: ISSUED BY
B9: Company Name
B10: Tax Office / Tax ID
B11: Address
B12: Contact · Phone · Email
B14: ACCOUNT HOLDER — COMPANY RECEIVING THE STATEMENT
B15: Company Name
B16: Tax Office / Tax ID
B17: Contact · Phone · Email
B19: Balance (₺)
B20: =IF('Data'!A2="","",'Data'!A2) | C20: =IF('Data'!A2="","",'Data'!C2) | D20: =IF('Data'!A2="","",'Data'!D2) | E20: =IF('Data'!A2="","",'Data'!E2) | F20: =IF('Data'!A2="","",'Data'!F2) | G20: =IF('Data'!A2="","",SUM($E$20:E20)-SUM($F$20:F20))
B21: =IF('Data'!A3="","",'Data'!A3) | C21: =IF('Data'!A3="","",'Data'!C3) | D21: =IF('Data'!A3="","",'Data'!D3) | E21: =IF('Data'!A3="","",'Data'!E3) | F21: =IF('Data'!A3="","",'Data'!F3) | G21: =IF('Data'!A3="","",SUM($E$20:E21)-SUM($F$20:F21))
B22: =IF('Data'!A4="","",'Data'!A4) | C22: =IF('Data'!A4="","",'Data'!C4) | D22: =IF('Data'!A4="","",'Data'!D4) | E22: =IF('Data'!A4="","",'Data'!E4) | F22: =IF('Data'!A4="","",'Data'!F4) | G22: =IF('Data'!A4="","",SUM($E$20:E22)-SUM($F$20:F22))
B23: =IF('Data'!A5="","",'Data'!A5) | C23: =IF('Data'!A5="","",'Data'!C5) | D23: =IF('Data'!A5="","",'Data'!D5) | E23: =IF('Data'!A5="","",'Data'!E5) | F23: =IF('Data'!A5="","",'Data'!F5) | G23: =IF('Data'!A5="","",SUM($E$20:E23)-SUM($F$20:F23))
B24: =IF('Data'!A6="","",'Data'!A6) | C24: =IF('Data'!A6="","",'Data'!C6) | D24: =IF('Data'!A6="","",'Data'!D6) | E24: =IF('Data'!A6="","",'Data'!E6) | F24: =IF('Data'!A6="","",'Data'!F6) | G24: =IF('Data'!A6="","",SUM($E$20:E24)-SUM($F$20:F24))
B25: =IF('Data'!A7="","",'Data'!A7) | C25: =IF('Data'!A7="","",'Data'!C7) | D25: =IF('Data'!A7="","",'Data'!D7) | E25: =IF('Data'!A7="","",'Data'!E7) | F25: =IF('Data'!A7="","",'Data'!F7) | G25: =IF('Data'!A7="","",SUM($E$20:E25)-SUM($F$20:F25))
B26: =IF('Data'!A8="","",'Data'!A8) | C26: =IF('Data'!A8="","",'Data'!C8) | D26: =IF('Data'!A8="","",'Data'!D8) | E26: =IF('Data'!A8="","",'Data'!E8) | F26: =IF('Data'!A8="","",'Data'!F8) | G26: =IF('Data'!A8="","",SUM($E$20:E26)-SUM($F$20:F26))
B27: =IF('Data'!A9="","",'Data'!A9) | C27: =IF('Data'!A9="","",'Data'!C9) | D27: =IF('Data'!A9="","",'Data'!D9) | E27: =IF('Data'!A9="","",'Data'!E9) | F27: =IF('Data'!A9="","",'Data'!F9) | G27: =IF('Data'!A9="","",SUM($E$20:E27)-SUM($F$20:F27))
B28: =IF('Data'!A10="","",'Data'!A10) | C28: =IF('Data'!A10="","",'Data'!C10) | D28: =IF('Data'!A10="","",'Data'!D10) | E28: =IF('Data'!A10="","",'Data'!E10) | F28: =IF('Data'!A10="","",'Data'!F10) | G28: =IF('Data'!A10="","",SUM($E$20:E28)-SUM($F$20:F28))
B29: =IF('Data'!A11="","",'Data'!A11) | C29: =IF('Data'!A11="","",'Data'!C11) | D29: =IF('Data'!A11="","",'Data'!D11) | E29: =IF('Data'!A11="","",'Data'!E11) | F29: =IF('Data'!A11="","",'Data'!F11) | G29: =IF('Data'!A11="","",SUM($E$20:E29)-SUM($F$20:F29))
B30: =IF('Data'!A12="","",'Data'!A12) | C30: =IF('Data'!A12="","",'Data'!C12) | D30: =IF('Data'!A12="","",'Data'!D12) | E30: =IF('Data'!A12="","",'Data'!E12) | F30: =IF('Data'!A12="","",'Data'!F12) | G30: =IF('Data'!A12="","",SUM($E$20:E30)-SUM($F$20:F30))
B31: =IF('Data'!A13="","",'Data'!A13) | C31: =IF('Data'!A13="","",'Data'!C13) | D31: =IF('Data'!A13="","",'Data'!D13) | E31: =IF('Data'!A13="","",'Data'!E13) | F31: =IF('Data'!A13="","",'Data'!F13) | G31: =IF('Data'!A13="","",SUM($E$20:E31)-SUM($F$20:F31))
... B44: =IF('Data'!A26="","",'Data'!A26) | C44: =IF('Data'!A26="","",'Data'!C26) | D44: =IF('Data'!A26="","",'Data'!D26) | E44: =IF('Data'!A26="","",'Data'!E26) | F44: =IF('Data'!A26="","",'Data'!F26) | G44: =IF('Data'!A26="","",SUM($E$20:E44)-SUM($F$20:F44))
B45: PERIOD TOTAL | E45: =SUM(E20:E44) | F45: =SUM(F20:F44)
B46: CLOSING BALANCE | E46: =IF(ROUND(E45-F45,2)>0,"DEBIT BALANCE — the other party owes us",IF(ROUND(E45-F45,2)<0,"CREDIT BALANCE — we owe the other party","ACCOUNT SETTLED — zero balance")) | G46: =ABS(E45-F45)
B48: The statement above has been prepared from our records for the stated period. Please compare it with your own records; if you find a discrepancy, let us know after which date the difference arose. This document is a statement of account activity; on its own it is not a payment demand, a formal notice or a debt-collection document.
B50: ISSUED BY — Stamp / Signature | E50: RECEIVED / CONFIRMED BY — Stamp / Signature
B56: Get the statement in one click instead of preparing it by hand every time — Account Ledger: Debt & Credit →

Sheet Data
A1: Date | B1: Document Type | C1: Document No | D1: Description | E1: Debit (₺) | F1: Credit (₺) | G1: Balance (₺) | H1: Due Date | I1: Due Status | J1: Note
A2: 46204 | B2: Opening / Carried Forward | C2: — | D2: Balance brought forward at start of period | E2: 24500 | G2: ==IF(A2="","",SUM($E$2:E2)-SUM($F$2:F2)) | I2: ==IF(A2="","",IF(OR(H2="",E2=""),"",IF(TODAY()>H2,"PAST DUE","NOT DUE"))) | J2: June closing balance.
A3: 46207 | B3: Invoice | C3: FTR-2026-1180 | D3: July shipment — dry goods | E3: 38750 | G3: ==IF(A3="","",SUM($E$2:E3)-SUM($F$2:F3)) | H3: 46237 | I3: ==IF(A3="","",IF(OR(H3="",E3=""),"",IF(TODAY()>H3,"PAST DUE","NOT DUE"))) | J3: 30 days payment terms.
A4: 46214 | B4: Payment Received | C4: THS-0442 | D4: Bank transfer — applied to brought-forward balance | F4: 24500 | G4: ==IF(A4="","",SUM($E$2:E4)-SUM($F$2:F4)) | I4: ==IF(A4="","",IF(OR(H4="",E4=""),"",IF(TODAY()>H4,"PAST DUE","NOT DUE")))
A5: 46221 | B5: Invoice | C5: FTR-2026-1227 | D5: Packaging materials | E5: 16400 | G5: ==IF(A5="","",SUM($E$2:E5)-SUM($F$2:F5)) | H5: 46251 | I5: ==IF(A5="","",IF(OR(H5="",E5=""),"",IF(TODAY()>H5,"PAST DUE","NOT DUE"))) | J5: 30 days payment terms.
A6: 46226 | B6: Return | C6: IAD-0091 | D6: Return of 12 damaged cartons — FTR-2026-1180 | F6: 3180 | G6: ==IF(A6="","",SUM($E$2:E6)-SUM($F$2:F6)) | I6: ==IF(A6="","",IF(OR(H6="",E6=""),"",IF(TODAY()>H6,"PAST DUE","NOT DUE"))) | J6: Credit note issued.
A7: 46232 | B7: Check | C7: CEK-8837 | D7: Customer check received — due 30.09.2026 | F7: 30000 | G7: ==IF(A7="","",SUM($E$2:E7)-SUM($F$2:F7)) | I7: ==IF(A7="","",IF(OR(H7="",E7=""),"",IF(TODAY()>H7,"PAST DUE","NOT DUE"))) | J7: Deducted from the balance until the check is collected.
A8: 46239 | B8: Invoice | C8: FTR-2026-1302 | D8: August shipment — dry goods | E8: 41250 | G8: ==IF(A8="","",SUM($E$2:E8)-SUM($F$2:F8)) | H8: 46269 | I8: ==IF(A8="","",IF(OR(H8="",E8=""),"",IF(TODAY()>H8,"PAST DUE","NOT DUE"))) | J8: 30 days payment terms.
A9: 46248 | B9: Late Charge | C9: VDF-0017 | D9: Late charge applied to the overdue balance | E9: 1870 | G9: ==IF(A9="","",SUM($E$2:E9)-SUM($F$2:F9)) | I9: ==IF(A9="","",IF(OR(H9="",E9=""),"",IF(TODAY()>H9,"PAST DUE","NOT DUE"))) | J9: Per the monthly rate in the contract.
G10: ==IF(A10="","",SUM($E$2:E10)-SUM($F$2:F10)) | I10: ==IF(A10="","",IF(OR(H10="",E10=""),"",IF(TODAY()>H10,"PAST DUE","NOT DUE")))
G11: ==IF(A11="","",SUM($E$2:E11)-SUM($F$2:F11)) | I11: ==IF(A11="","",IF(OR(H11="",E11=""),"",IF(TODAY()>H11,"PAST DUE","NOT DUE")))
G12: ==IF(A12="","",SUM($E$2:E12)-SUM($F$2:F12)) | I12: ==IF(A12="","",IF(OR(H12="",E12=""),"",IF(TODAY()>H12,"PAST DUE","NOT DUE")))
G13: ==IF(A13="","",SUM($E$2:E13)-SUM($F$2:F13)) | I13: ==IF(A13="","",IF(OR(H13="",E13=""),"",IF(TODAY()>H13,"PAST DUE","NOT DUE")))
G14: ==IF(A14="","",SUM($E$2:E14)-SUM($F$2:F14)) | I14: ==IF(A14="","",IF(OR(H14="",E14=""),"",IF(TODAY()>H14,"PAST DUE","NOT DUE")))
G15: ==IF(A15="","",SUM($E$2:E15)-SUM($F$2:F15)) | I15: ==IF(A15="","",IF(OR(H15="",E15=""),"",IF(TODAY()>H15,"PAST DUE","NOT DUE")))
G16: ==IF(A16="","",SUM($E$2:E16)-SUM($F$2:F16)) | I16: ==IF(A16="","",IF(OR(H16="",E16=""),"",IF(TODAY()>H16,"PAST DUE","NOT DUE")))
G17: ==IF(A17="","",SUM($E$2:E17)-SUM($F$2:F17)) | I17: ==IF(A17="","",IF(OR(H17="",E17=""),"",IF(TODAY()>H17,"PAST DUE","NOT DUE")))
G18: ==IF(A18="","",SUM($E$2:E18)-SUM($F$2:F18)) | I18: ==IF(A18="","",IF(OR(H18="",E18=""),"",IF(TODAY()>H18,"PAST DUE","NOT DUE")))
G19: ==IF(A19="","",SUM($E$2:E19)-SUM($F$2:F19)) | I19: ==IF(A19="","",IF(OR(H19="",E19=""),"",IF(TODAY()>H19,"PAST DUE","NOT DUE")))
G20: ==IF(A20="","",SUM($E$2:E20)-SUM($F$2:F20)) | I20: ==IF(A20="","",IF(OR(H20="",E20=""),"",IF(TODAY()>H20,"PAST DUE","NOT DUE")))
G21: ==IF(A21="","",SUM($E$2:E21)-SUM($F$2:F21)) | I21: ==IF(A21="","",IF(OR(H21="",E21=""),"",IF(TODAY()>H21,"PAST DUE","NOT DUE")))
... G300: ==IF(A300="","",SUM($E$2:E300)-SUM($F$2:F300)) | I300: ==IF(A300="","",IF(OR(H300="",E300=""),"",IF(TODAY()>H300,"PAST DUE","NOT DUE")))

Sheet Summary
B2: Account Statement Example
B3: Free Excel template · stokexcel.com
B5: SUMMARY | E5: HOW TO USE
B6: Number of transactions | C6: =COUNTA('Data'!A2:A300) | E6: 1. Enter transactions in date order in the "Data" tab; the first row is the balance brought forward at the start of the period, entered in the Debit column.
B7: Total period debit | C7: =SUM('Data'!E2:E300) | E7: 2. Sales and expense documents go in Debit; payments received and returns go in Credit. The Balance column calculates the running balance automatically.
B8: Total period credit | C8: =SUM('Data'!F2:F300) | E8: 3. For invoices with payment terms, fill in the Due Date — rows past due turn red and show "PAST DUE".
B9: Closing balance | C9: =SUM('Data'!E2:E300)-SUM('Data'!F2:F300) | E9: 4. The "Account Statement" tab shows the first 25 transactions in document format; fill in your company details once and the statement fills itself.
B10: Balance type | C10: =IF(ROUND(SUM('Data'!E2:E300)-SUM('Data'!F2:F300),2)>0,"DEBIT",IF(ROUND(SUM('Data'!E2:E300)-SUM('Data'!F2:F300),2)<0,"CREDIT","SETTLED")) | E10: 5. Print the statement or save it as a PDF and send it to your customer; the page is set to fit a single A4 portrait page.
B11: Number of past-due documents | C11: =COUNTIF('Data'!I2:I300,"PAST DUE")
B12: Amount of past-due documents | C12: =SUMIF('Data'!I2:I300,"PAST DUE",'Data'!E2:E300) | E12: When Excel is not enough: in the cloud with Ofisx, from your phone, automatic →

Sheet Lists
A1: Document Type
A2: Opening / Carried Forward
A3: Invoice
A4: Delivery Note
A5: Payment Received
A6: Payment
A7: Check
A8: Note
A9: Return
A10: Late Charge
A11: Discount
A12: Other
